[ AOE2 MATCH · #483871222 ]
UnrankedKhmer vs Franks
Player's team · WIN
Rival team · LOSS
[ REPLAY ANALYSIS · EXTRACTED FROM THE RECORDED GAME ]
Feudal
10:26
Castle
22:05
Imperial
32:39
| APM avg | 16.8 |
| APM peak | 59 |
| eAPM avg | 8.9 |
| Villagers / military | 111 / 120 |
Focus
⚔️ 31.7% · 🌾 68.3%
Scorpion ×72 · Battle Elephant ×14 · Trebuchet (Packed) ×14 · Monk ×10 · Battering Ram ×10
Feudal
11:38
Castle
20:43
Imperial
36:15
| APM avg | 13.3 |
| APM peak | 43 |
| eAPM avg | 10.5 |
| Villagers / military | 103 / 303 |
Focus
⚔️ 35.0% · 🌾 65.0%
Spearman ×159 · Knight ×101 · Bombard Cannon ×24 · Throwing Axeman ×12 · Scout Cavalry ×4 · Monk ×3
Match map
Initial resources + every placement click. Lines = walls · curves = elevation contours. ◆ gold · ⬟ stone · ● berries · ✦ relic · ◌ wall gap
Your base· Open — unwalled flank
fututasumhic's base· Open — 3t gap
Smoothed initial terrain · ◌ = detected wall gap · hover for details
Inputs per minute
— Vagorr_ - - fututasumhic
Build order — Vagorr_
First 150 of 253 actions detected
| 0:06 | Build | House |
| 0:08 | Build | House |
| 0:09 | Create | Villager (Male) |
| 0:09 | Create | Villager (Male) |
| 0:09 | Create | Villager (Male) |
| 0:10 | Create | Villager (Male) |
| 2:03 | Create | Villager (Male) |
| 2:04 | Create | Villager (Male) |
| 2:04 | Create | Villager (Male) |
| 3:01 | Build | Lumber Camp |
| 3:04 | Create | Villager (Male) ×2 |
| 4:18 | Create | Villager (Male) ×3 |
| 5:03 | Build | House |
| 5:03 | Build | House |
| 5:08 | Create | Villager (Male) |
| 5:26 | Create | Villager (Male) ×4 |
| 5:54 | Build | Mill |
| 7:00 | Build | Palisade Wall |
| 7:05 | Build | Palisade Wall |
| 7:16 | Build | Palisade Wall |
| 7:29 | Build | Palisade Wall |
| 7:39 | Build | Palisade Wall |
| 7:44 | Build | Palisade Wall |
| 7:54 | Build | Palisade Wall |
| 7:58 | Build | Palisade Wall |
| 8:16 | Research | Feudal Age |
| 9:03 | Build | Mining Camp |
| 9:24 | Build | House |
| 9:27 | Build | House |
| 9:35 | Build | House |
| 9:37 | Build | House |
| 9:58 | Create | Villager (Male) ×5 |
| 10:02 | Create | Villager (Male) ×2 |
| 10:17 | Build | Palisade Wall |
| 10:26 | Age | Feudal Age |
| 11:27 | Build | Palisade Wall |
| 11:36 | Build | Palisade Wall |
| 11:51 | Build | House |
| 11:53 | Build | House |
| 11:59 | Build | House |
| 12:05 | Build | Palisade Wall |
| 12:08 | Build | Palisade Wall |
| 12:12 | Build | Palisade Wall |
| 12:48 | Build | Palisade Wall |
| 13:15 | Build | Farm |
| 13:15 | Build | Farm |
| 13:15 | Build | Farm |
| 13:16 | Build | Farm |
| 13:16 | Build | Farm |
| 13:16 | Build | Farm |
| 13:16 | Build | Farm |
| 13:17 | Build | Farm |
| 13:17 | Build | Farm |
| 13:17 | Build | Farm |
| 13:18 | Build | Farm |
| 13:18 | Build | Farm |
| 13:18 | Build | Farm |
| 13:18 | Build | Farm |
| 13:19 | Build | Farm |
| 13:26 | Create | Villager (Male) ×5 |
| 13:34 | Build | Farm |
| 14:39 | Create | Villager (Male) ×5 |
| 15:08 | Build | House |
| 15:14 | Create | Villager (Male) ×2 |
| 15:28 | Build | Lumber Camp |
| 16:05 | Research | Horse Collar |
| 16:15 | Build | Farm |
| 16:15 | Build | Farm |
| 16:16 | Build | Farm |
| 16:16 | Build | Farm |
| 16:16 | Build | Farm |
| 16:17 | Build | Farm |
| 16:54 | Build | House |
| 17:00 | Build | House |
| 17:04 | Build | House |
| 17:07 | Build | House |
| 17:09 | Build | House |
| 17:12 | Build | House |
| 17:23 | Build | Farm |
| 17:23 | Build | Farm |
| 17:23 | Build | Farm |
| 17:24 | Build | Farm |
| 17:24 | Build | Farm |
| 17:24 | Build | Farm |
| 17:25 | Build | Farm |
| 17:31 | Create | Villager (Male) ×5 |
| 19:24 | Research | Castle Age |
| 20:05 | Build | Farm |
| 20:06 | Build | Farm |
| 20:07 | Build | Farm |
| 20:35 | Research | Double-Bit Axe |
| 22:05 | Age | Castle Age |
| 22:07 | Build | Town Center |
| 22:11 | Create | Villager (Male) ×5 |
| 23:08 | Build | Farm |
| 23:15 | Create | Villager (Male) ×5 |
| 23:16 | Create | Villager (Male) ×5 |
| 24:04 | Create | Villager (Male) ×5 |
| 24:04 | Create | Villager (Male) ×5 |
| 24:05 | Create | Villager (Male) ×5 |
| 24:15 | Build | Siege Workshop |
| 24:16 | Build | Siege Workshop |
| 24:33 | Build | Monastery |
| 24:34 | Build | Monastery |
| 24:42 | Build | Market |
| 24:47 | Research | Heavy Plow |
| 24:50 | Research | Bow Saw |
| 25:45 | Build | Palisade Gate |
| 26:03 | Create | Monk |
| 26:04 | Create | Monk |
| 26:25 | Build | Lumber Camp |
| 26:39 | Build | Mining Camp |
| 26:45 | Create | Villager (Male) ×5 |
| 26:45 | Create | Villager (Male) ×5 |
| 27:06 | Build | House |
| 27:28 | Create | Scorpion ×2 |
| 28:14 | Build | House |
| 28:14 | Build | House |
| 28:15 | Build | House |
| 28:15 | Build | House |
| 28:25 | Build | House |
| 29:05 | Create | Scorpion |
| 29:05 | Create | Scorpion |
| 29:08 | Create | Scorpion |
| 29:08 | Create | Scorpion |
| 29:23 | Research | Imperial Age |
| 29:42 | Create | Monk |
| 29:42 | Create | Monk |
| 29:42 | Create | Monk |
| 29:51 | Create | Monk |
| 30:13 | Build | Mining Camp |
| 30:21 | Research | Loom |
| 30:21 | Research | Wheelbarrow |
| 30:21 | Research | Town Watch |
| 31:45 | Research | Redemption |
| 32:24 | Build | Stable |
| 32:25 | Build | Stable |
| 32:28 | Build | Stable |
| 32:37 | Build | Siege Workshop |
| 32:39 | Age | Imperial Age |
| 32:40 | Build | Siege Workshop |
| 33:13 | Research | Heavy Scorpion (upgrade) |
| 33:15 | Research | Capped Ram (upgrade) |
| 33:32 | Research | Sanctity |
| 33:37 | Research | Illumination |
| 33:56 | Create | Scorpion ×5 |
| 34:02 | Research | Elite Battle Elephant (upgrade) |
| 34:16 | Create | Scorpion ×3 |
| 34:28 | Research | Hand Cart |
| 34:32 | Create | Villager (Male) ×5 |
Build order — fututasumhic
First 150 of 289 actions detected
| 0:01 | Create | Villager (Male) |
| 0:01 | Create | Villager (Male) |
| 0:02 | Create | Villager (Male) |
| 0:02 | Create | Villager (Male) |
| 0:02 | Create | Villager (Male) |
| 0:07 | Build | House |
| 0:11 | Build | House |
| 1:36 | Create | Villager (Male) |
| 1:36 | Create | Villager (Male) |
| 2:18 | Build | Lumber Camp |
| 2:23 | Create | Villager (Male) |
| 2:23 | Create | Villager (Male) |
| 3:08 | Create | Villager (Male) |
| 3:09 | Create | Villager (Male) |
| 4:00 | Create | Villager (Male) |
| 4:01 | Create | Villager (Male) |
| 4:09 | Build | House |
| 4:17 | Create | Villager (Male) |
| 4:47 | Build | Mill |
| 5:02 | Create | Villager (Male) |
| 5:03 | Create | Villager (Male) |
| 6:05 | Create | Villager (Male) |
| 6:05 | Create | Villager (Male) |
| 6:17 | Build | Lumber Camp |
| 6:33 | Create | Villager (Male) |
| 6:34 | Create | Villager (Male) |
| 6:34 | Create | Villager (Male) |
| 6:43 | Build | House |
| 7:34 | Build | House |
| 8:02 | Create | Villager (Male) |
| 8:02 | Create | Villager (Male) |
| 8:02 | Create | Villager (Male) |
| 9:22 | Research | Feudal Age |
| 9:56 | Build | House |
| 10:33 | Build | Barracks |
| 10:43 | Create | Villager (Male) ×4 |
| 11:32 | Build | Mining Camp |
| 11:38 | Age | Feudal Age |
| 11:41 | Build | Mining Camp |
| 11:56 | Research | Double-Bit Axe |
| 12:09 | Build | Farm |
| 12:11 | Build | Farm |
| 12:20 | Build | Farm |
| 12:21 | Build | Farm |
| 12:22 | Build | Farm |
| 12:24 | Build | Farm |
| 12:25 | Build | Farm |
| 12:26 | Build | Farm |
| 12:28 | Build | Farm |
| 12:29 | Build | Farm |
| 12:30 | Build | Farm |
| 12:32 | Build | Farm |
| 12:34 | Build | Farm |
| 12:35 | Build | Farm |
| 12:58 | Create | Villager (Male) |
| 12:58 | Create | Villager (Male) |
| 12:58 | Create | Villager (Male) |
| 13:11 | Build | Farm |
| 13:50 | Build | Mill |
| 14:03 | Create | Villager (Male) |
| 14:22 | Create | Spearman ×5 |
| 15:01 | Create | Villager (Male) |
| 15:01 | Create | Villager (Male) |
| 15:10 | Build | House |
| 15:11 | Build | House |
| 15:12 | Build | House |
| 15:13 | Build | House |
| 16:19 | Build | Stable |
| 16:26 | Create | Villager (Male) |
| 17:11 | Build | Blacksmith |
| 17:34 | Build | Market |
| 17:50 | Research | Stone Mining |
| 18:00 | Research | Gold Mining |
| 18:03 | Research | Castle Age |
| 18:23 | Create | Scout Cavalry ×4 |
| 19:30 | Research | Forging |
| 19:31 | Research | Scale Barding Armor |
| 20:43 | Age | Castle Age |
| 20:54 | Build | Town Center |
| 21:06 | Build | House |
| 21:33 | Build | Town Center |
| 21:47 | Build | Town Center |
| 21:56 | Create | Villager (Male) |
| 21:57 | Create | Villager (Male) |
| 21:57 | Create | Villager (Male) |
| 21:57 | Create | Villager (Male) |
| 22:02 | Create | Villager (Male) |
| 22:02 | Create | Villager (Male) |
| 22:03 | Create | Villager (Male) |
| 22:06 | Research | Bow Saw |
| 22:23 | Build | Monastery |
| 22:46 | Research | Husbandry |
| 22:53 | Research | Iron Casting |
| 23:01 | Create | Villager (Male) |
| 23:01 | Create | Villager (Male) |
| 23:10 | Create | Monk |
| 23:32 | Build | Town Center |
| 23:40 | Research | Town Watch |
| 23:42 | Research | Loom |
| 23:43 | Create | Villager (Male) ×2 |
| 23:53 | Create | Villager (Male) |
| 24:31 | Research | Fervor |
| 24:36 | Create | Villager (Male) ×3 |
| 24:47 | Build | Farm |
| 24:48 | Build | Farm |
| 24:50 | Build | Farm |
| 24:54 | Build | Farm |
| 24:58 | Build | Farm |
| 25:27 | Research | Wheelbarrow |
| 25:28 | Create | Villager (Male) |
| 25:46 | Build | Farm |
| 25:51 | Build | Farm |
| 25:53 | Build | Farm |
| 25:55 | Build | Farm |
| 26:04 | Create | Villager (Male) ×4 |
| 26:24 | Build | Castle |
| 26:32 | Create | Monk |
| 27:04 | Research | Hand Cart |
| 27:04 | Create | Villager (Male) |
| 27:20 | Build | Castle |
| 27:44 | Create | Villager (Male) ×5 |
| 28:09 | Create | Villager (Male) ×3 |
| 28:46 | Build | Mining Camp |
| 29:04 | Create | Monk |
| 29:12 | Research | Town Patrol |
| 29:13 | Create | Villager (Male) ×4 |
| 29:31 | Build | Mining Camp |
| 29:38 | Create | Villager (Male) ×5 |
| 29:52 | Build | Mining Camp |
| 30:05 | Research | Gold Shaft Mining |
| 30:21 | Build | Castle |
| 30:41 | Build | Mining Camp |
| 30:56 | Build | University |
| 30:57 | Build | University |
| 31:06 | Create | Villager (Male) ×5 |
| 31:25 | Create | Villager (Male) ×5 |
| 31:54 | Build | Mining Camp |
| 32:17 | Build | Castle |
| 32:25 | Build | Mining Camp |
| 32:33 | Create | Villager (Male) ×5 |
| 33:05 | Research | Imperial Age |
| 33:20 | Build | Stable |
| 33:22 | Build | Stable |
| 33:24 | Build | Stable |
| 33:28 | Build | Stable |
| 33:31 | Build | Stable |
| 33:47 | Build | Stable |
| 34:24 | Build | Castle |
| 34:40 | Research | Ballistics |
| 34:42 | Research | Murder Holes |
Match timeline
| 7:00 | Vagorr_ · wall_segment Palisade Wall x7 |
| 7:05 | Vagorr_ · wall_segment Palisade Wall x9 |
| 7:16 | Vagorr_ · wall_segment Palisade Wall x17 |
| 7:29 | Vagorr_ · wall_segment Palisade Wall x17 |
| 7:39 | Vagorr_ · wall_segment Palisade Wall x7 |
| 7:44 | Vagorr_ · wall_segment Palisade Wall x16 |
| 7:54 | Vagorr_ · wall_segment Palisade Wall x7 |
| 7:58 | Vagorr_ · wall_segment Palisade Wall x6 |
| 10:17 | Vagorr_ · wall_segment Palisade Wall x12 |
| 10:26 | Vagorr_ · age_up feudal |
| 10:33 | fututasumhic · first_building Barracks |
| 11:27 | Vagorr_ · wall_segment Palisade Wall x8 |
| 11:36 | Vagorr_ · wall_segment Palisade Wall x5 |
| 11:38 | fututasumhic · age_up feudal |
| 12:05 | Vagorr_ · wall_segment Palisade Wall x1 |
| 12:08 | Vagorr_ · wall_segment Palisade Wall x1 |
| 12:12 | Vagorr_ · wall_segment Palisade Wall x3 |
| 12:48 | Vagorr_ · wall_segment Palisade Wall x3 |
| 16:19 | fututasumhic · first_building Stable |
| 20:43 | fututasumhic · age_up castle |
| 22:05 | Vagorr_ · age_up castle |
| 22:23 | fututasumhic · first_building Monastery |
| 24:15 | Vagorr_ · first_building Siege Workshop |
| 24:28 | fututasumhic · first_market_sell 100 wood |
| 24:33 | Vagorr_ · first_building Monastery |
| 25:55 | Vagorr_ · first_market_sell 100 food |
| 26:24 | fututasumhic · first_building Castle |
| 32:24 | Vagorr_ · first_building Stable |
| 32:39 | Vagorr_ · age_up imperial |
| 33:00 | fututasumhic · first_market_buy 100 food |
| 34:55 | Vagorr_ · wall_segment Palisade Wall x5 |
| 35:07 | Vagorr_ · wall_segment Palisade Wall x13 |
| 36:15 | fututasumhic · age_up imperial |
| 38:00 | fututasumhic · first_building Siege Workshop |
| 40:37 | Vagorr_ · wall_segment Palisade Wall x1 |
| 43:37 | Vagorr_ · first_building Castle |
| 46:40 | Vagorr_ · first_market_buy 100 stone |
| 56:05 | fututasumhic · resign |
[ AI ANALYSIS · 1 CREDIT ]
What really happened in this match?
Wolo.gg analyzes every decision: build order, eco, micro, common mistakes by bracket. Personalized analysis on WhatsApp or Discord in 30 seconds.
Civ guide
Khmer
Perfil
Jugador #23250086